 Dungeon Crawl Stone Soup version 0.29.1-2-gbd0b4ee654 (webtiles) character file.

Game seed: 17621041333839069573

4 jamestheduck25 the Vexing (level 1, -1/7 HPs)
             Began as a Felid Enchanter on Nov 16, 2022.
             Slain by a kobold
             ... wielding a +0 whip
              (2 damage)
             ... on level 1 of the Dungeon.
             The game lasted 00:00:05 (26 turns).

jamestheduck25 the Vexing (Felid Enchanter)           Turns: 26, Time: 00:00:05

Health: -1/7       AC:  1    Str:  4    XL:     1   Next: 50%
Magic:  4/4        EV: 17    Int: 16    God:
Gold:   0          SH:  0    Dex: 16    Spells: 4/4 levels left
                                        Lives:  0   Deaths: 0

rFire   . . .      SeeInvis +     - Unarmed
rCold   . . .      Faith    .   (shield unavailable)
rNeg    . . .      Spirit   .   (body armour unavailable)
rPois   .          Reflect  .   (helmet unavailable)
rElec   .          Harm     .   (cloak unavailable)
rCorr   .          Rampage  .   (gloves unavailable)
Will    .....                   (boots unavailable)
Stlth   +++.......              (no amulet)
HPRegen 0.02/turn               (no ring)
MPRegen 0.09/turn               (no ring)

@: quick
A: very small, claws 1, fangs 3, see invisible, speed 1, shaggy fur 1, stealthy
paws, no weapons or thrown items, no armour, multi-lived
a: no special abilities


You were on level 1 of the Dungeon.
You visited 1 branch of the dungeon, and saw 1 of its levels.

Inventory:

Potions
 a - 2 potions of invisibility
 b - a potion of lignification {unknown}


   Skills:
 + Level 2.8 Dodging
 + Level 4.1 Stealth
 + Level 1.1 Unarmed Combat
 + Level 2.0 Spellcasting
 + Level 4.5 Hexes


You had 4 spell levels left.
You didn't know any spells.
Your spell library contained the following spells:

 Spells                   Type           Power      Damage    Failure   Level
 Confusing Touch          Hex            16%        N/A       10%         3
 Tukima's Dance           Hex            16%        N/A       10%         3
 Ensorcelled Hibernation  Hex/Ice        16%        N/A       12%         2
 Dazzling Flash           Conj/Hex       16%        N/A       24%         3


Dungeon Overview and Level Annotations

Branches:
Dungeon (1/15)

Altars:


Innate Abilities, Weirdness & Mutations

You have sharp claws.
You have razor-sharp teeth.
You have supernaturally acute eyesight. (SInv)
You cover ground quickly. (Speed+)
You are covered in fur. (AC +1)
Your paws help you pounce on unaware monsters.
You are incapable of wielding weapons or throwing items.
You cannot wear armour.
You gain extra lives every three experience levels.


Message History

There are monsters nearby!
You miss the kobold. The kobold completely misses you.
There are monsters nearby!
You scratch the rat.
You kill the rat!
The kobold misses you.
There are monsters nearby!
You scratch the kobold.
The kobold is heavily wounded.
A bat comes into view.
The kobold misses you.
There are monsters nearby!
You scratch the kobold.
You kill the kobold!
There are monsters nearby!
You closely miss the kobold. The bat hits you but does no damage.
The kobold completely misses you.
There are monsters nearby!
You barely miss the frilled lizard. The bat misses you.
The kobold closely misses you. The frilled lizard barely misses you.
There are monsters nearby!
You scratch the frilled lizard.
You kill the frilled lizard!
The bat completely misses you. The bat misses you.
The kobold hits you with a +0 whip.
Ouch! That really hurt!
* * * LOW HITPOINT WARNING * * *
There are monsters nearby!
You are too injured to fight recklessly!
There are monsters nearby!
You are too injured to fight recklessly!
There are monsters nearby!
You are too injured to fight recklessly!
There are monsters nearby!
There are monsters nearby!
You are too injured to fight recklessly!
There are monsters nearby!
You miss the kobold. The bat closely misses you.
The kobold hits you with a +0 whip.
You die...

..# ## #.# ..# #.#
#.###.#### #
#.##..... ...
####.##.#.###...# .
...............#.
...####..#..@K......
#............)....#.
........)#..b####.#
##.##.##.#....... #
#.##.#..#####
#.##.##.#..#
#.#...#.#..###
#.##..............
..............####


You could see a bat and a kobold.

Vanquished Creatures
  A bat (D:1)
  A kobold (D:1)
  A frilled lizard (D:1)
  A rat (D:1)
4 creatures vanquished.

Notes
Turn   | Place    | Note
-------+----------+-------------------------------------------
     0 | D:1      | jamestheduck25 the Felid Enchanter began the quest for the
                  | Orb.
     0 | D:1      | Reached XP level 1. HP: 7/7 MP: 4/4
    26 | D:1      | Slain by a kobold

Illustrated notes

Levels and vault maps discovered:
D:1:      grunt_arrival_crossed_arrows, layout_loops_ring,
          basic_ecumenical_altar, serial_shops, shop_statue,
          serial_bayou_crossing

Action                   || total
-------------------------++-------
Melee: Unarmed           ||    10
Armor: Skin              ||     1
Dodge: Dodged            ||    11
